 Dungeon Crawl Stone Soup version 0.29-a0-993-g4a18f31a58 (webtiles) character file.

Game seed: 2020097291632442157

5996 BeingJoeMalik the Bludgeoner (level 10, -2/60 HPs)
             Began as a Tengu Fighter on Aug 2, 2022.
             Was a Priest of Dithmenos.
             Slain by a two-headed ogre
             ... wielding a +0 giant club
              (18 damage)
             ... on level 7 of the Dungeon.
             The game lasted 00:21:15 (9542 turns).

BeingJoeMalik the Bludgeoner (Tengu Fighter)        Turns: 9542, Time: 00:21:17

Health: -2/60      AC: 10    Str: 17    XL:     10   Next: 85%
Magic:  11/11      EV: 11    Int:  9    God:    Dithmenos [***...]
Gold:   406        SH:  5    Dex: 17    Spells: 9/9 levels left

rFire   . . .      SeeInvis .   n - +1 morningstar (elec)
rCold   . . .      Faith    +   c - +0 buckler
rNeg    + . .      Spirit   .   o - +2 ring mail {rN+}
rPois   .          Reflect  .   (helmet restricted)
rElec   .          Harm     .   v - +0 cloak
rCorr   .          Rampage  .   h - +0 pair of gloves
Will    .....                   (boots unavailable)
Stlth   +.........              m - amulet of faith
HPRegen 0.20/turn               (no ring)
MPRegen 0.12/turn               (no ring)

@: flying quickly and evasively, wreathed by umbra, quick
A: beak, talons 3, nimble flight
a: Renounce Religion, Shadow Step


You were on level 7 of the Dungeon.
You worshipped Dithmenos.
Dithmenos was most pleased with you.
You visited 1 branch of the dungeon, and saw 7 of its levels.

You collected 406 gold pieces.

Inventory:

Hand Weapons
 n - a +1 morningstar of electrocution (weapon)
 r - the +12 spear of Zalluss {drain, rF+ Will+}
   (You found it on level 4 of the Dungeon)

   A truly terrible weapon, it drains the life of any living foe it strikes.
   rF:        It protects you from fire.
   Will:      It increases your willpower.
 s - a +2 flail of draining
Missiles
 u - 10 poisoned darts (quivered)
Armour
 c - a +0 buckler (worn)
 h - a +0 pair of gloves (worn)
 k - a +0 kite shield
 l - a +2 robe of willpower
 o - a +2 ring mail of positive energy (worn)
 v - a +0 cloak (worn)
 B - a +2 chain mail of cold resistance
Jewellery
 m - an amulet of faith (around neck)
 y - a ring of fire
Wands
 a - a wand of acid (5)
 f - a wand of polymorph (5)
Scrolls
 d - 2 scrolls of amnesia
 z - a scroll of enchant weapon
 A - a scroll of identify
Potions
 e - 4 potions of curing
 i - a potion of brilliance
 p - a potion of cancellation {unknown}
 q - a potion of might
 t - a potion of mutation
 w - a potion of lignification {unknown}
 x - a potion of berserk rage


   Skills:
 + Level 5.9 Fighting
 - Level 16.0 Maces & Flails
 - Level 3.2 Armour
 + Level 4.1 Shields


You had 9 spell levels left.
You didn't know any spells.
Your spell library contained the following spells:

 Spells                   Type           Power      Damage    Failure   Level
 Sting                    Tmut/Pois      0%         1d3       67%         1
 Poisonous Vapours        Pois/Air       0%         N/A       82%         2
 Gell's Gravitas          Tloc           0%         N/A       96%         3
 Lesser Beckoning         Tloc           0%         N/A       96%         3
 Teleport Other           Tloc           0%         N/A       96%         3
 Tukima's Dance           Hex            0%         N/A       96%         3
 Olgreb's Toxic Radiance  Pois           0%         N/A       100%        4
 Passage of Golubria      Tloc           0%         N/A       100%        4
 Yara's Violent Unravell  Hex/Tmut       0%         3d3       100%        5


Dungeon Overview and Level Annotations

Branches:
Dungeon (7/15)             Temple (0/1) D:7

Altars:
Dithmenos

Annotations:
D:5 3 runed translucent doors, Jackthecabe's ghost, novice TeAE; Spectrina's ghost, novice DjVM; Zeldest's ghost, weakling TrDe; flotson's ghost, novice DsDe; frimble's ghost, novice DsNe


Innate Abilities, Weirdness & Mutations

You have a beak for a mouth.
You have claws for feet.
Your magical nature lets you fly swiftly and evasively.


Message History

The slime creature is severely wounded.
The slime creature hits you.
You hit the slime creature.
Lightning courses through the slime creature!
You claw the slime creature, but do no damage.
You peck the slime creature.
You kill the slime creature!
Dithmenos accepts your kill.
Your Maces & Flails skill increases to level 16!
You start resting.
A two-headed ogre comes into view.
It is wielding a +0 giant club and a +0 giant spiked club.
You completely miss the two-headed ogre.
You peck the two-headed ogre.
The two-headed ogre is lightly wounded.
The two-headed ogre hits you with a +0 giant club!!
The two-headed ogre hits you with a +0 giant spiked club.
Throw: throwing net
Press: ? - help, Q - select action, (/) - cycle Shift-Dir - straight line, f - two-headed ogre
Aim: a two-headed ogre, wielding a +0 giant club and a +0 giant spiked club (lightly wounded, umbra, 76% to hit)
You throw a throwing net.
The throwing net barely misses the two-headed ogre.
The two-headed ogre completely misses you.
You block the two-headed ogre's attack.
Throw: dart (curare)
Press: ? - help, Q - select action, (/) - cycle Shift-Dir - straight line, f/p - two-headed ogre
Aim: a two-headed ogre, wielding a +0 giant club and a +0 giant spiked club (lightly wounded, umbra, 76% to hit)
You throw a curare-tipped dart.
The curare-tipped dart closely misses the two-headed ogre.
Unknown command.
Okay, then.
You feel much better.
The two-headed ogre hits you with a +0 giant club!
The two-headed ogre hits you with a +0 giant spiked club!
You feel much better.
The two-headed ogre hits you with a +0 giant club!!
Ouch! That really hurt!
* * * LOW HITPOINT WARNING * * *
You emit a cloud of dark smoke.
The two-headed ogre hits you with a +0 giant spiked club!!
You die...

.####.####'########..............
.####.#..............##+###......
......#......###)###......#......
......#.....## ##..##.....#......
......#....## ##..##....#......
......#...## ##..##...#......
..(...#...# .##..#...#......
......#...# #####§.##.#...+......
'######...# #[.§@§.[#.#.###......
).........#.##§O#####.#...#......
..........#..##§○(....#...#......
....########..##..#..##...#.#.##.
...## #..##...##....#...##( ..##
.# #..##e##.....#.##>.# .## .
#....E###...#.##..# .# # .
###..8○.##..#...##. .# #.#.
###...####...#.##.


You could see a two-headed ogre.

Vanquished Creatures
  Pikel (D:6)
  A deep elf pyromancer (D:7)
  A manticore (D:7)
  A kobold demonologist (D:7)
  Prince Ribbit (D:5)
  2 trolls (D:7)
  A slime creature (D:7)
  A vampire (D:7)
  A vampire mosquito (D:7)
  Menkaure (D:6)
  Edmund (D:4)
  A water moccasin (D:7)
  An orc warrior (D:7)
  3 sky beasts
  3 ice beasts
  3 black bears
  4 ogres
  2 lemures (D:6)
  4 centaurs (D:7)
  A phantom (D:4)
  3 bullfrogs
  A kobold brigand (D:6)
  3 necrophages
  A gnoll sergeant (D:4)
  3 scorpions
  A wight (D:6)
  A howler monkey (D:5)
  4 jellies
  2 hounds
  3 orc priests
  An iguana (D:6)
  5 orc wizards
  8 adders
  10 gnolls
  3 shadow imps
  3 white imps
  2 worms
  4 dart slugs
  30 orcs
  9 endoplasms
  4 giant cockroaches
  7 goblins
  3 hobgoblins
  4 jackals
  8 quokkas
  4 ball pythons
  3 bats
  7 kobolds
  6 rats
177 creatures vanquished.

Notes
Turn   | Place    | Note
-------+----------+-------------------------------------------
     0 | D:1      | BeingJoeMalik the Tengu Fighter began the quest for the
                  | Orb.
     0 | D:1      | Reached XP level 1. HP: 14/14 MP: 2/2
   114 | D:1      | Found a faded altar of an unknown god.
   299 | D:1      | Reached XP level 2. HP: 19/19 MP: 3/3
   303 | D:1      | Reached skill level 3 in Maces & Flails
   953 | D:1      | Reached XP level 3. HP: 19/23 MP: 4/4
  1107 | D:2      | Reached skill level 4 in Maces & Flails
  1199 | D:2      | Reached XP level 4. HP: 28/28 MP: 5/5
  1503 | D:2      | Reached skill level 5 in Maces & Flails
  2218 | D:3      | You fall into a shaft and drop 3 floors!
  2288 | D:6      | Noticed a lemure
  2288 | D:6      | Noticed a lemure
  2306 | D:6      | Killed a lemure
  2391 | D:6      | Noticed an ice beast
  2410 | D:6      | Killed an ice beast
  2411 | D:6      | Reached skill level 6 in Maces & Flails
  2411 | D:6      | Gained mutation: Your magical nature lets you fly swiftly
                  | and evasively. [Tengu growth]
  2411 | D:6      | Reached XP level 5. HP: 3/32 MP: 6/6
  2780 | D:6      | Found a shadowy altar of Dithmenos.
  2788 | D:6      | Became a worshipper of Dithmenos the Shadowed
  2790 | D:6      | Noticed a lemure
  2810 | D:6      | Killed a lemure
  2831 | D:5      | Entered Level 5 of the Dungeon
  2831 | D:5      | Noticed an ice beast
  2847 | D:6      | Noticed a black bear
  2847 | D:6      | Noticed a lemure
  2873 | D:5      | Killed an ice beast
  2874 | D:5      | Reached skill level 7 in Maces & Flails
  2874 | D:5      | Reached XP level 6. HP: 29/37 MP: 7/7
  2982 | D:4      | Identified the +12 spear of Zalluss {drain, rF+ Will+}
  3019 | D:4      | Noticed Edmund
  3046 | D:4      | Killed Edmund
  3047 | D:4      | Reached skill level 8 in Maces & Flails
  3047 | D:4      | Reached XP level 7. HP: 11/41 MP: 8/8
  3516 | D:3      | HP: 2/41 [poisoned by an orc wizard]
  4228 | D:4      | Reached * piety under Dithmenos
  4474 | D:4      | Reached skill level 9 in Maces & Flails
  4766 | D:4      | HP: 1/41 [ogre/+0 giant club (16)]
  4770 | D:4      | Reached XP level 8. HP: 2/46 MP: 9/9
  5311 | D:5      | Reached skill level 10 in Maces & Flails
  5495 | D:5      | Noticed Prince Ribbit
  5508 | D:5      | Killed Prince Ribbit
  5509 | D:5      | Reached skill level 11 in Maces & Flails
  6143 | D:5      | Found a runed translucent gate.
  6143 | D:5      | Found a runed translucent gate.
  6145 | D:5      | Found a runed translucent gate.
  6145 | D:5      | Noticed frimble's ghost (novice DsNe)
  6145 | D:5      | Noticed Jackthecabe's ghost (novice TeAE)
  6146 | D:5      | Noticed Zeldest's ghost (weakling TrDe)
  6146 | D:5      | Noticed Spectrina's ghost (novice DjVM)
  6147 | D:5      | Noticed flotson's ghost (novice DsDe)
  6451 | D:6      | Noticed Menkaure
  6492 | D:5      | Reached skill level 12 in Maces & Flails
  6492 | D:5      | Reached XP level 9. HP: 17/51 MP: 10/10
  6791 | D:6      | Killed Menkaure
  7074 | D:6      | Reached ** piety under Dithmenos
  7201 | D:6      | Reached skill level 13 in Maces & Flails
  7336 | D:6      | Noticed Pikel
  7345 | D:6      | Killed Pikel
  7573 | D:6      | Reached skill level 14 in Maces & Flails
  7850 | D:7      | Found a staircase to the Ecumenical Temple.
  8292 | D:7      | Reached XP level 10. HP: 57/58 MP: 11/11
  8562 | D:7      | Noticed a kobold demonologist
  8571 | D:7      | Killed a kobold demonologist
  8572 | D:7      | Reached skill level 5 in Fighting
  8610 | D:7      | Reached skill level 15 in Maces & Flails
  8761 | D:7      | Reached *** piety under Dithmenos
  9283 | D:7      | Noticed a manticore
  9289 | D:7      | Killed a manticore
  9451 | D:7      | Noticed a deep elf pyromancer
  9461 | D:7      | Killed a deep elf pyromancer
  9537 | D:7      | Reached skill level 16 in Maces & Flails
  9537 | D:7      | Noticed a two-headed ogre
  9542 | D:7      | Slain by a two-headed ogre

Illustrated notes

Levels and vault maps discovered:
D:1:      ncdulo_smallfort, layout_basic, hellmonk_ecumenical_altar_crossroads
D:2:      layout_basic
D:3:      layout_rooms
D:4:      layout_cave_pods, minmay_misc_feat_rows, uniq_edmund
D:5:      layout_loops_ring, gammafunk_ghost_cemetery, uniq_prince_ribbit1
D:6:      minmay_chambers_of_threes, layout_basic,
          mainiacjoe_overflow_concentric_impassable, uniq_pikel, uniq_menkaure
D:7:      minmay_the_grid_octo_triangle [minmay_the_grid_octo_clover_2,
          minmay_the_grid_octo_prize_square_snowflake, minmay_the_grid_octo_77],
          layout_gridville, minmay_temple_entry_steel_oval,
          kennysheep_another_room, st_stairs_7

Skill      XL: |  1  2  3  4  5  6  7  8  9 10 |
---------------+-------------------------------+-----
Maces & Flails | 3 4 6 7 8 9 12 14 16 | 16.0
Fighting       | 4 5 |  5.9
Shields        | 4 |  4.1
Armour         | |  3.2

Action                   |  1- 3 |  4- 6 |  7- 9 | 10-12 || total
-------------------------+-------+-------+-------+-------++-------
Melee: Flail             |    73 |    39 |   144 |       ||   256
       Kick              |    15 |    26 |    73 |    28 ||   142
       Peck              |     8 |    15 |    48 |    21 ||    92
       Morningstar       |       |    22 |    92 |    92 ||   206
       Mace              |       |    31 |       |       ||    31
Throw: Dart              |       |     5 |     2 |     1 ||     8
       Throwing net      |       |       |     2 |     3 ||     5
Evoke: Wand              |       |       |     2 |     7 ||     9
  Use: Potion            |       |     1 |     2 |     2 ||     5
       Scroll            |       |       |    12 |       ||    12
 Stab: Distracted        |       |       |       |     1 ||     1
Armor: Scale mail        |    38 |    19 |       |       ||    57
       Ring mail         |       |    19 |    57 |    26 ||   102
Dodge: Dodged            |    24 |    27 |    80 |    48 ||   179
Block: Buckler           |    16 |    14 |    34 |    22 ||    86

Table legend: (Time is in decaauts)
 A = Elapsed time spent in this place.
 B = Non-inter-level travel time spent in this place.
 C = Inter-level travel time spent in this place.
 D = Time resting spent in this place.
 E = Time spent auto-exploring this place.
 F = Levels seen in this place.
 G = Mean time per level.
                   A        B        C        D        E       F      G
               +--------+--------+--------+--------+--------+-----+--------+
         Total |   9196 |   8785 |    411 |   2860 |   4409 |   7 | 1313.7 |
       Dungeon |   9196 |   8785 |    411 |   2860 |   4409 |   7 | 1313.7 |
               +--------+--------+--------+--------+--------+-----+--------+

Top non-repeatable levels by time:
     D:7: 1654 daAuts
     D:6: 1643 daAuts
     D:4: 1589 daAuts
     D:2: 1362 daAuts
     D:5: 1307 daAuts
     D:1: 1047 daAuts
     D:3: 591 daAuts
